 Dungeon Crawl Stone Soup version 0.28-a0-987-g8383568036 (webtiles) character file.

Game seed: 7097374131904602168

203 GregHouse the Chopper (level 5, -5/70 HPs)
             Began as a Hill Orc Monk on Dec 4, 2021.
             Was a Believer of Beogh.
             Succumbed to a scorpion's poison
             ... on level 5 of the Dungeon.
             The game lasted 00:15:50 (3356 turns).

GregHouse the Chopper (Hill Orc Monk)               Turns: 3356, Time: 00:15:51

Health: -5/70      AC: 26    Str: 16    XL:     5   Next: 81%
Magic:  5/5        EV:  2    Int: 10    God:    Beogh [**....]
Gold:   95         SH:  0    Dex: 13    Spells: 4/4 levels left

rFire   . . .      SeeInvis .   a - +0 hand axe (protect)
rCold   . . .      Faith    .   (no shield)
rNeg    . . .      Spirit   .   (armour currently unavailable)
rPois   +          Reflect  .   (helmet currently unavailable)
rElec   .          Harm     .   (cloak currently unavailable)
rCorr   .          Rampage  .   (gloves currently unavailable)
Will    .....      NoTele   +   (boots currently unavailable)
Stlth   ++........              (no amulet)
HPRegen 0.21/turn               d - +4 ring of protection
MPRegen 0.09/turn               (no ring)

@: lethally poisoned (-5 -> -33), tree-form
A: stationary, stasis, torment immunity, boosted hp
a: Renounce Religion, Smiting


You were on level 5 of the Dungeon.
You worshipped Beogh.
Beogh was pleased with you.
You were a tree.
You visited 1 branch of the dungeon, and saw 5 of its levels.

You collected 95 gold pieces.

Inventory:

Hand Weapons
 a - a +0 hand axe of protection (weapon)
 g - a +1 hunting sling of flaming
Missiles
 h - 32 stones (quivered)
 p - 16 bolts
 q - 3 atropa-tipped darts
Armour
 f - a +2 hat
 i - a +0 helmet (melded)
 l - a +0 ring mail (melded)
Jewellery
 d - a +4 ring of protection (left branch)
Scrolls
 b - 2 scrolls of magic mapping
 j - a scroll of teleportation {unknown}
 k - a scroll of identify
 n - a scroll of vulnerability {unknown}
 o - a scroll of fear {unknown}
Potions
 m - a potion of brilliance


   Skills:
 + Level 4.6 Fighting
 + Level 6.8 Axes
 + Level 1.1 Armour
 + Level 3.0 Dodging
 + Level 1.7 Stealth


You had 4 spell levels left.
You didn't know any spells.
Your spell library was empty.

Dungeon Overview and Level Annotations

Branches:
Dungeon (5/15)
 Temple: D:4-7

Altars:
Elyvilon
Sif Muna
Trog

Annotations:
D:4 Blork the orc, Pikel


Message History

The scorpion stings you.
You closely miss the scorpion.
The scorpion is moderately wounded.
You feel very sick. The scorpion closely misses you.
You closely miss the scorpion.
The scorpion is moderately wounded.
You feel very sick. The scorpion closely misses you.
You barely miss the scorpion.
The scorpion is moderately wounded.
You feel very sick. The scorpion completely misses you.
You hit the scorpion but do no damage.
The scorpion is moderately wounded.
You feel sick. The scorpion barely misses you.
You closely miss the scorpion.
The scorpion is moderately wounded.
You feel sick. The scorpion stings you.
* * * LOW HITPOINT WARNING * * *
You are lethally poisoned!
The scorpion poisons you!
As you read the scroll labelled QUAMUL KANK, it crumbles to dust.
It is a scroll of brand weapon.
Your +0 hand axe projects an invisible shield of force!
a - a +0 hand axe of protection (weapon)
* * * LOW HITPOINT WARNING * * *
You feel very sick. The scorpion stings you.
* * * LOW HITPOINT WARNING * * *
You are more poisoned.
The scorpion poisons you! The scorpion stings you.
* * * LOW HITPOINT WARNING * * *
Unknown command.
Really quaff the potion of lignification?
Uppercase [Y]es or [N]o only, please.
Really quaff the potion of lignification?
You turn into a tree.
Your +0 helmet melds into your body.
Your +0 ring mail melds into your body.
Your roots penetrate the ground.
You die...

##### #.... +...$ #(...
#.(.. #...[
#...s#################
+....♣................
##....################.
......................#.
..........###########.#.
..........#<#########.#.
..........#...........#.
#########.#############.
#...............
################


You could see a scorpion.

Vanquished Creatures
  A jelly (D:4)
  A centaur skeleton (D:5)
  An iguana (D:4)
  4 adders
  2 worms (D:2)
  2 dart slugs
  2 orcs (D:3)
  5 endoplasms
  3 giant cockroaches
  8 goblins
  9 hobgoblins
  3 kobolds
  3 quokkas
  9 ball pythons
  3 bats
  2 frilled lizards
  11 rats
69 creatures vanquished.

Vanquished Creatures (others)
  An orc (D:3)
1 creature vanquished.

Grand Total: 70 creatures vanquished

Notes
Turn   | Place    | Note
-------+----------+-------------------------------------------
     0 | D:1      | GregHouse the Hill Orc Monk began the quest for the Orb.
     0 | D:1      | Reached XP level 1. HP: 19/19 MP: 1/1
    94 | D:2      | Reached XP level 2. HP: 19/27 MP: 2/2
   298 | D:1      | Reached XP level 3. HP: 31/33 MP: 3/3
   587 | D:1      | Found a faded altar of an unknown god.
   961 | D:2      | Reached skill level 5 in Axes
  1212 | D:2      | Reached XP level 4. HP: 16/40 MP: 4/4
  2496 | D:3      | Became a worshipper of Beogh the Brigand
  2496 | D:3      | Reached * piety under Beogh
  2496 | D:3      | Reached ** piety under Beogh
  2822 | D:4      | Reached skill level 6 in Axes
  2822 | D:4      | Reached skill level 1 in Armour
  2822 | D:4      | Reached XP level 5. HP: 47/47 MP: 5/5
  3067 | D:5      | Entered Level 5 of the Dungeon
  3111 | D:4      | Found a bloodstained altar of Trog.
  3114 | D:4      | Found a white marble altar of Elyvilon.
  3114 | D:4      | Found a shimmering blue altar of Sif Muna.
  3115 | D:4      | Noticed a lemure
  3115 | D:4      | Noticed Pikel
  3116 | D:4      | Noticed Blork the orc
  3116 | D:4      | Noticed a lemure
  3355 | D:5      | HP: 1/47 [scorpion (3)]
  3356 | D:5      | Succumbed to a scorpion's poison

Illustrated notes

Levels and vault maps discovered:
D:1:      matt_arrival_los_fun, layout_rooms, hellmonk_ecumenical_altar_run_dry
D:2:      layout_rooms, minmay_pentomino_o2
D:3:      layout_loops_ring
D:4:      layout_basic, grunt_temple_overflow_open, uniq_pikel, uniq_ijyb,
          uniq_blork_the_orc
D:5:      layout_basic, nicolae_ossuary_entry_false_entrances

Skill      XL: |  1  2  3  4 |
---------------+-------------+-----
Fighting       | 4 |  4.6
Axes           | 5 6 |  6.8
Dodging        | 3 |  3.0
Armour         | 1 |  1.1
Stealth        | |  1.7

Action                   |  1- 3 |  4- 6 || total
-------------------------+-------+-------++-------
Melee: Hand axe          |   116 |   141 ||   257
 Fire: Hunting sling     |       |    10 ||    10
Throw: Stone             |       |     1 ||     1
Invok: Convert to Beogh  |       |     1 ||     1
  Use: Scroll            |       |     4 ||     4
       Potion            |       |     1 ||     1
 Stab: Sleeping          |     2 |     1 ||     3
Armor: Robe              |    35 |     6 ||    41
       Ring mail         |       |    51 ||    51
Dodge: Dodged            |    81 |    77 ||   158

Table legend: (Time is in decaauts)
 A = Elapsed time spent in this place.
 B = Non-inter-level travel time spent in this place.
 C = Inter-level travel time spent in this place.
 D = Time resting spent in this place.
 E = Time spent auto-exploring this place.
 F = Levels seen in this place.
 G = Mean time per level.
                   A        B        C        D        E       F      G
               +--------+--------+--------+--------+--------+-----+--------+
         Total |   3373 |   3314 |     59 |   1074 |   1185 |   5 |  674.6 |
       Dungeon |   3373 |   3314 |     59 |   1074 |   1185 |   5 |  674.6 |
               +--------+--------+--------+--------+--------+-----+--------+

Top non-repeatable levels by time:
     D:2: 1273 daAuts
     D:1: 765 daAuts
     D:3: 737 daAuts
     D:4: 382 daAuts
     D:5: 215 daAuts
